 Dungeon Crawl Stone Soup version 0.29-a0-284-gf9362112df (webtiles) character file.

Game seed: 14227043101689496752

38 Ijustatesigmund the Skirmisher (level 3, -12/33 HPs)
             Began as a Minotaur Monk on Mar 14, 2022.
             Mangled by Sigmund
             ... wielding a +5 scythe of venom
              (14 damage)
             ... on level 2 of the Dungeon.
             The game lasted 00:01:33 (1165 turns).

Ijustatesigmund the Skirmisher (Minotaur Monk)      Turns: 1165, Time: 00:01:34

Health: -12/33     AC:  2    Str: 17    XL:     3   Next: 25%
Magic:  2/2        EV: 12    Int:  7    God:
Gold:   92         SH:  0    Dex: 12    Spells: 2/2 levels left

rFire   . . .      SeeInvis .   a - +0 hand axe
rCold   + . .      Faith    .   (no shield)
rNeg    . . .      Spirit   .   b - +0 robe
rPois   .          Reflect  .   (helmet restricted)
rElec   .          Harm     .   f - scarf {repulsion}
rCorr   .          Rampage  .   (no gloves)
Will    .....                   (no boots)
Stlth   +.........              (no amulet)
HPRegen 0.11/turn               d - ring of protection from cold
MPRegen 0.08/turn               (no ring)

@: confused, lethally poisoned (-12 -> -25), ambrosia-drunk, repel missiles
A: horns 2, retaliatory headbutt
a: no special abilities


You were on level 2 of the Dungeon.
You visited 1 branch of the dungeon, and saw 2 of its levels.

You collected 92 gold pieces.

Inventory:

Hand Weapons
 a - a +0 hand axe (weapon)
Armour
 b - a +0 robe (worn)
 f - a scarf of repulsion (worn)
Jewellery
 d - a ring of protection from cold (left hand)
Scrolls
 g - a scroll of blinking {unknown}
 h - a scroll of immolation {unknown}
 j - a scroll of identify {unknown}
 k - a scroll of magic mapping {unknown}


   Skills:
 + Level 4.3 Fighting
 + Level 4.2 Axes
 + Level 1.8 Armour
 - Level 3.2 Dodging
 - Level 1.5 Stealth


You had 2 spell levels left.
You didn't know any spells.
Your spell library was empty.

Dungeon Overview and Level Annotations

Branches:
Dungeon (2/15)

Altars:

Annotations:
D:2 Sigmund


Innate Abilities, Weirdness & Mutations

You have a pair of horns on your head.
You reflexively headbutt those who attack you in melee.


Message History

A kobold comes into view. It is wielding a +0 short sword.
Sigmund mumbles some strange words.
Sigmund flickers and vanishes!
Deactivating autopickup; reactivate with Ctrl-A.
The frilled lizard closely misses you. The endoplasm freezes you.
You are frozen.
You resist.
You closely miss the frilled lizard.
The frilled lizard is heavily wounded.
You barely miss the endoplasm. Something hits you!
You are poisoned.
The endoplasm freezes you.
You are frozen.
You resist. The frilled lizard closely misses you.
An endoplasm comes into view.
You feel very sick. The endoplasm closely misses you. Something hits you!
You are lethally poisoned!
The frilled lizard attacks as you move away!
The frilled lizard misses you.
* * * LOW HITPOINT WARNING * * *
You feel very sick.
The kobold shouts!
The endoplasm quivers.
The endoplasm hits you.
* * * LOW HITPOINT WARNING * * *
You completely miss something. You hit the kobold.
You kill the kobold!
You hit the goblin. You miss the frilled lizard. You hit the endoplasm.
You kill the endoplasm!
* * * LOW HITPOINT WARNING * * *
You feel very sick. Something completely misses you.
The frilled lizard barely misses you. The goblin misses you.
You are confused.
You feel invigorated.
* * * LOW HITPOINT WARNING * * *
You feel very sick. The frilled lizard misses you.
The goblin barely misses you. Something hits you!
You die...

....
..........# #
..........# #
..........## #
........... #
.......J..#.#
..........#.###
#...g)......
#...@{......
#...l.......
#...........
#...........
#...........
#...........
############


You could see an endoplasm, a goblin and a frilled lizard.

Vanquished Creatures
  3 dart slugs (D:1)
  2 bats
  2 endoplasms
  2 giant cockroaches (D:1)
  8 goblins (D:1)
  2 quokkas (D:1)
  A ball python (D:1)
  4 frilled lizards (D:1)
  4 kobolds
  3 rats
31 creatures vanquished.

Notes
Turn   | Place    | Note
-------+----------+-------------------------------------------
     0 | D:1      | Ijustatesigmund the Minotaur Monk began the quest for the
                  | Orb.
     0 | D:1      | Reached XP level 1. HP: 19/19 MP: 0/0
   197 | D:1      | Reached skill level 1 in Armour
   197 | D:1      | Reached XP level 2. HP: 26/27 MP: 1/1
   757 | D:1      | Reached XP level 3. HP: 24/33 MP: 2/2
   883 | D:1      | Found a faded altar of an unknown god.
  1157 | D:2      | Noticed Sigmund
  1164 | D:2      | HP: 1/33 [poisoned by Sigmund]
  1165 | D:2      | Mangled by Sigmund

Illustrated notes

Levels and vault maps discovered:
D:1:      amcnicky_arrival_double_pillar, layout_rooms,
          ebering_ecumenical_altar_petrified, serial_bayou_pond_a
D:2:      layout_basic, uniq_sigmund

Skill      XL: |  1  2 |
---------------+-------+-----
Armour         | 1 |  1.8
Fighting       | 4 |  4.3
Axes           | 4 |  4.2
Dodging        | |  3.2
Stealth        | |  1.5

Action                   || total
-------------------------++-------
Melee: Hand axe          ||    71
       Headbutt          ||     6
       Punch             ||     1
  Use: Potion            ||     2
       Scroll            ||     1
 Stab: Sleeping          ||     2
Armor: Robe              ||     5
Dodge: Dodged            ||    47
       Repelled          ||     1

Table legend: (Time is in decaauts)
 A = Elapsed time spent in this place.
 B = Non-inter-level travel time spent in this place.
 C = Inter-level travel time spent in this place.
 D = Time resting spent in this place.
 E = Time spent auto-exploring this place.
 F = Levels seen in this place.
 G = Mean time per level.
                   A        B        C        D        E       F      G
               +--------+--------+--------+--------+--------+-----+--------+
         Total |   1171 |   1157 |     14 |    252 |    696 |   2 |  585.5 |
       Dungeon |   1171 |   1157 |     14 |    252 |    696 |   2 |  585.5 |
               +--------+--------+--------+--------+--------+-----+--------+

Top non-repeatable levels by time:
     D:1: 976 daAuts
     D:2: 195 daAuts
